AoeStats
← CQ. Castaño

Arabia

510960316Analyzed
1v1 RM · 12h ago on Oct 3, 2026· 54m 35s· 2 players
Game mode
Random Map
Map size
Tiny (2 player)
Population
200
Speed
Normal
Resources
Standard
Victory
Conquest
Starting age
Dark Age
Ending age
Imperial Age
RankedLock teamsTeams togetherTeam positionsShared explorationLock speedFull tech treeHidden civsTurbo modeCheats
Victory
Defeat
🇪🇸 Byzantines · Spain
1255
+16
🇻🇳 Vietnamese · Vietnam
1253
-16
MovableStatue95
6:45 Loom
9:31 Feudal Age
10:04 Man-at-Arms
11:33 Town Watch
14:21 Double-Bit Axe
16:13 Horse Collar
16:41 Fletching
20:13 Wheelbarrow
22:54 Castle Age
21:31 Scale Mail Armor
22:25 Gold Mining
22:49 Forging
25:05 Squires
24:53 Long Swordsman
30:34 Chain Mail Armor
34:59 Hand Cart
35:28 Heavy Plow
36:53 Stone Mining
41:20 Imperial Age
39:20 Bloodlines
39:10 Husbandry
38:31 Light Cavalry
39:22 Scale Barding Armor
40:18 Iron Casting
40:32 Bodkin Arrow
40:58 Chain Barding Armor
43:32 Bracer
44:09 Plate Barding Armor
43:04 Elite Skirmisher
43:11 Elite Battle Elephant
44:06 Imperial Skirmisher
47:42 Town Patrol
48:01 Padded Archer Armor
48:08 Chatras
49:55 Leather Archer Armor
50:27 Thumb Ring
CQ. Castaño
7:36 Loom
10:03 Feudal Age
12:05 Double-Bit Axe
14:35 Padded Archer Armor
14:28 Fletching
15:38 Padded Archer Armor
18:36 Wheelbarrow
21:55 Castle Age
20:07 Scale Mail Armor
20:17 Forging
20:14 Gold Mining
20:59 Forging
20:57 Horse Collar
22:39 Squires
23:37 Arson
27:52 Crossbowman
30:30 Bodkin Arrow
33:33 Leather Archer Armor
33:51 Heavy Plow
35:28 Bow Saw
36:50 Thumb Ring
40:53 Imperial Age
38:39 Hand Cart
40:00 Iron Casting
39:40 Chain Mail Armor
40:07 Ballistics
40:44 Stone Mining
41:08 Arbalester
41:56 Bracer
42:02 Pikeman
44:13 Chemistry
45:20 Conscription
45:05 Elite Skirmisher
47:03 Two-Man Saw
46:28 Halberdier
46:48 Elite Varangian Guard
50:50 Stone Shaft Mining
50:50 Gold Shaft Mining
51:51 Plate Mail Armor
51:26 Scale Barding Armor
51:26 Husbandry
50:47 Light Cavalry
52:30 Hussar
Connection lost

Rejoining the realm…

Still unreachable

The connection could not be restored.

Session expired

The server has moved on; the page needs a fresh start.